 Dungeon Sprint DCSS version 0.16-a0-3803-gd4b2de5 (webtiles) character file.

12 PolkaDot the Jinx (level 2, -9/19 HPs)
             Began as a Vampire Enchanter on Jan 26, 2015.
             Was an Initiate of Dithmenos.
             Killed from afar by an orc wizard (12 damage)
             ... with a puff of flame
             ... in the Dungeon (Sprint V: "Ziggurat Sprint").
             The game lasted 00:01:35 (85 turns).

PolkaDot the Jinx (Vampire Enchanter)                 Turns: 85, Time: 00:01:36

Health: -9/19      AC:  3    Str:  7    XL:     2   Next: 20%
Magic:  0/4        EV: 12    Int: 29    God:    Dithmenos [......]
Gold:   0          SH:  6    Dex: 14    Spells: 2 memorised, 2 levels left

rFire  . . .     SeeInvis +     l - +5 dagger
rCold  . . .     Clarity  .     b - +1 robe
rNeg   + . .     SustAb   .     k - +3 buckler
rPois  .         Gourm    .     (no helmet)
rElec  .         Spirit   .     (no cloak)
rCorr  .         Warding  .     (no gloves)
rMut   +         NoTele   +     (no boots)
MR     .....                    G - amulet of resist mutation
Stlth  +++.......               t - +6 ring of intelligence
                                s - +6 ring of intelligence

@: not resistant to hostile enchantments, fairly stealthy
A: bottle blood, fangs 3, see invisible, unbreathing
a: Renounce Religion


You were in the Dungeon.
You worshipped Dithmenos.
Dithmenos was noncommittal.
You were not thirsty.

You visited 1 branch

Inventory:

Hand weapons
 l - a +5 dagger (weapon)
 m - a +5 quick blade
Armour
 b - a +1 robe (worn)
 k - a +3 buckler (worn)
Jewellery
 q - a +6 ring of dexterity
 r - a +6 ring of dexterity
 s - a +6 ring of intelligence (left hand)
 t - a +6 ring of intelligence (right hand)
 u - a +6 ring of strength
 v - a +6 ring of strength
 G - an amulet of resist mutation (around neck)
Magical devices
 a - a wand of disintegration (7)
 n - a wand of fire (5)
 o - a wand of cold (5)
 p - a wand of draining (5)
Scrolls
 j - 4 scrolls of blinking
 w - 4 scrolls of amnesia
 x - 3 scrolls of recharging
 y - 7 scrolls of fog
 z - 5 scrolls of identify
 A - 5 scrolls of remove curse
 B - 2 scrolls of fear
Potions
 d - a potion of blood {@*1}
 e - 10 potions of curing
 f - 10 potions of heal wounds
 g - 6 potions of haste
 h - 7 potions of magic
 i - 3 potions of berserk rage
 C - 2 potions of brilliance
 D - 2 potions of invisibility
 E - 2 potions of restore abilities
 F - 4 potions of resistance
 H - 5 potions of agility
 I - 5 potions of might
Books
 c - a book of Maledictions

   Spells                             Type                      Level
   a - Corona                         Hexes                        1
   b - Sure Blade                     Hexes/Charms                 2
   c - Ensorcelled Hibernation        Hexes/Ice                    2
   d - Confuse                        Hexes                        3
   e - Dazzling Spray                 Conjuration/Hexes            3
   f - Enslavement                    Hexes                        4


   Skills:
 + Level 1.2 Short Blades
 - Level 2.1 Dodging
 + Level 4.6 Stealth
 - Level 2.0 Spellcasting
 * Level 11.4 Hexes


You had 2 spell levels left.
You knew the following spells:

 Your Spells              Type           Power        Failure   Level  Hunger
a - Corona                Hex            ######.      1%          1    None
d - Ensorcelled Hibernat  Hex/Ice        #####.       1%          2    ##.....


Dungeon Overview and Level Annotations

Branches:
Dungeon (1/1)

Altars:
Ashenzari
Cheibriados
Dithmenos
Elyvilon
Fedhas
Gozag
Kikubaaqudgha
Makhleb
Nemelex Xobeh
Okawaru
Qazlal
Ru
Sif Muna
Trog
Vehumet
Xom
Yredelemnul
Zin
The Shining One
Beogh
Jiyva
Lugonu


Innate Abilities, Weirdness & Mutations

You can bottle blood from corpses.
You have razor-sharp teeth.
You have supernaturally acute eyesight.
You can survive without breathing.


Message History

Press: ? - help, Shift-Dir - straight line, f/p - orc priest
Aim: an orc priest, wielding a staff of summoning and wearing a ring mail (chance 63%)
The orc priest resists with significant effort.
* * * LOW MAGIC WARNING * * *
The orc priest closely misses you. The orc closely misses you.
The orc wizard misses you.
Casting: Ensorcelled Hibernation
Confirm with . or Enter, or press ? or * to list all spells.
Okay, then.
You hit the orc priest.
You bite the orc priest, but do no damage.
The orc priest is lightly wounded.
The orc priest calls down the wrath of Beogh upon you.
Pain shoots through your body!
Ouch! That really hurt!
* * * LOW HITPOINT WARNING * * *
The orc wizard casts a spell at you. The puff of flame hits you!
Ouch! That really hurt!
You die...

▓▓▓▓▓▓▓▓▓▓▓▓▓
▓.8©8.▓.8©8.▓
▓.")).▓.....▓
▓.....▓.)...▓
▓.ooo.▓.....▓
▓..@..▓.....▓
▓.....▓.....▓
▓.....▓▓▓▓▓▓▓
▓▓▓▓▓▓▓


You could see an orc priest, an orc wizard and an orc.

Vanquished Creatures
  An adder skeleton (D)
  A quokka zombie (D)
2 creatures vanquished.

Notes
Turn   | Place    | Note
--------------------------------------------------------------
     0 | D        | PolkaDot, the Vampire Enchanter, began the quest for the Orb.
     0 | D        | Reached XP level 1. HP: 13/13 MP: 3/3
     0 | D        | Found a basalt altar of Yredelemnul.
     0 | D        | Found an iron altar of Okawaru.
     2 | D        | Found a radiant altar of Vehumet.
     2 | D        | Found a shimmering altar of Xom.
    10 | D        | Found a burning altar of Makhleb.
    17 | D        | Found a deep blue altar of Sif Muna.
    18 | D        | Found a white marble altar of Elyvilon.
    19 | D        | Found a corrupted altar of Lugonu.
    19 | D        | Found a sparkling altar of Nemelex Xobeh.
    20 | D        | Found a viscous altar of Jiyva.
    22 | D        | Found a bloodstained altar of Trog.
    52 | D        | Became a worshipper of Dithmenos the Shadowed
    62 | D        | Reached skill level 11 in Hexes
    62 | D        | Reached XP level 2. HP: 19/19 MP: 4/4
    66 | D        | Learned a level 2 spell: Ensorcelled Hibernation
    66 | D        | Entered arena 1.
    78 | D        | Entered arena 2.
    78 | D        | Noticed an orc wizard
    78 | D        | Noticed an orc priest
    85 | D        | Killed from afar by an orc wizard

Action                   || total
-------------------------++-------
Melee: Dagger            ||     5
 Cast: Ensorcelled Hiber ||     2
  Use: Potion            ||     1
 Stab: Sleeping          ||     1
